 Dungeon Sprint DCSS version 0.18-a0-33-g9e10395 (console) character file.

16870 Kellhus the Blocker (level 11, -6/166 HPs)
             Began as a Demigod Fighter on Nov 5, 2015.
             Killed from afar by an ice dragon (9 damage)
             ... with a blast of cold
             ... in the Dungeon (Sprint IX: "|||||||||||||||||||||||||||||").
             The game lasted 00:10:44 (4229 turns).

Kellhus the Blocker (Demigod Fighter)               Turns: 4229, Time: 00:10:44

Health: -6/166     AC: 27    Str: 22    XL:     11   Next: 85%
Magic:  14/14      EV:  2    Int: 12    God:
Gold:   946        SH: 15    Dex: 21    Spells: 0 memorised, 10 levels left

rFire  + . .     SeeInvis .     a - +2 scimitar (holy)
rCold  + . .     Clarity  .     (armour currently unavailable)
rNeg   + + +     SustAt   +     c - +0 shield
rPois  +         Gourm    .     (helmet currently unavailable)
rElec  +         Spirit   .     (cloak currently unavailable)
rCorr  +         Warding  .     (gloves currently unavailable)
rMut   .         NoTele   +     (boots currently unavailable)
MR     +....                    (no amulet)
Stlth  ++........               t - +2 ring of protection
                                v - +3 ring of strength

@: tree-form, resistant, somewhat resistant to hostile enchantments, unstealthy
A: high mp 1, sustain attributes
a: no special abilities


You were in the Dungeon.
You were not hungry.
You were a tree.
You visited 1 branch You collected 1910 gold pieces.
You spent 964 gold pieces at shops.

Inventory:

Hand Weapons
 a - a +2 scimitar of holy wrath (weapon)
 b - a +7 blowgun
 p - the +6 Majin-Bo {vamp, Archmagi MP+6 Int+6}
   (You found it in the Dungeon)

   It inflicts no extra harm, but heals its wielder somewhat when it strikes a
   living foe.
   It affects your intelligence (+6).
   It affects your magic capacity (+6).
 q - the +2 rapier of Tenacity {flame, rElec MR+}
   (You found it in the Dungeon)

   It has been specially enchanted to burn those struck by it, causing extra
   injury to most foes and up to half again as much damage against particularly
   susceptible opponents.
   It insulates you from electricity.
   It affects your resistance to hostile enchantments.
 w - a +0 long sword
Missiles
 I - 4 curare-tipped needles
Armour
 c - a +0 shield (worn)
 r - a +0 pair of gloves (melded)
 s - a +0 cloak (melded)
 u - a +0 plate armour
 E - a +0 helmet (melded)
 F - a +0 pair of boots (melded)
 H - a +0 scale mail
 N - the +7 chain mail of Saur {Str+3}
   (You found it in the Dungeon)

   It affects your strength (+3).
 O - the +8 chain mail of Timnitep (melded) {rElec Int+3}
   (You found it in the Dungeon)

   It affects your intelligence (+3).
   It insulates you from electricity.
Jewellery
 t - a +2 ring of protection (right branch)
 v - a +3 ring of strength (left branch)
 J - an uncursed ring of protection from magic
 K - an uncursed ring of protection from cold
 L - an uncursed ring of fire
 M - an uncursed ring of stealth
Wands
 o - a wand of draining (0)
Scrolls
 k - 5 scrolls of blinking
 m - 3 scrolls of remove curse
 n - 2 scrolls of amnesia
 z - 4 scrolls of enchant weapon
 A - 3 scrolls of identify
 B - 2 scrolls of enchant armour
Potions
 d - 2 potions of might
 f - 5 potions of curing
 g - 5 potions of heal wounds
 h - 5 potions of haste
 i - 4 potions of magic
 l - 2 potions of cure mutation
 x - 3 potions of brilliance
 P - a potion of berserk rage
Books
 y - a Necronomicon

   Spells                             Type                      Level
   a - Haunt                          Necromancy/Summoning         7
   b - Borgnjor's Revivification      Necromancy                   8
   c - Death's Door                   Charms/Necromancy            8
   d - Necromutation                  Transmutation/Necromancy     8
Comestibles
 e - 12 bread rations
 C - 40 fruits
 D - 12 meat rations


   Skills:
 + Level 14.3 Fighting
 - Level 14.2 Long Blades
 + Level 14.3 Armour
 + Level 14.4 Shields


You had 10 spell levels left.
You didn't know any spells.

Dungeon Overview and Level Annotations

Branches:
Dungeon (1/1)

Shops:
D *[:*


Innate Abilities, Weirdness & Mutations

You have an increased reservoir of magic (+10% MP).
Your attributes are resistant to harm.


Message History

You hit the ice dragon but do no damage.
The ice dragon is moderately wounded.
You block the ice dragon's attack.
The ice dragon claws you but does no damage.
The ice dragon tramples you.
* * * LOW HITPOINT WARNING * * *
You slash the ice dragon!
The ice dragon is heavily wounded.
You closely miss the ice dragon.
The ice dragon is heavily wounded.
The ice dragon bites you but does no damage.
You block the ice dragon's attack.
The ice dragon tramples you but does no damage.
Drink which item? (? for menu, Esc to quit)
You feel protected. The ice dragon breathes frost at you.
The blast of cold hits the ice dragon.
The ice dragon resists.
Helpless, you fail to dodge the blast of cold.
You resist.
You die...

.................................
▓▓▓▓▓▓▓▓▓▓▓▓▓▓▓▓▓▓▓▓▓▓▓▓▓▓▓▓▓▓▓▓▓
.'........÷'........)((('....[[..
▓▓▓▓▓▓▓▓▓▓▓▓▓▓▓▓▓▓▓▓▓▓▓▓▓▓▓▓▓▓▓▓▓
.................................
▓▓▓▓▓▓▓▓▓▓▓▓▓▓▓▓▓▓▓▓▓▓▓▓▓▓▓▓▓▓▓▓▓
).........))))..∩.∩.∩)∩.....'....
▓▓▓▓▓▓▓▓▓▓▓▓▓▓▓▓▓▓▓▓▓▓▓▓▓▓▓▓▓▓▓▓▓
...).............................
▓▓▓▓▓▓▓▓▓▓▓▓▓▓▓▓▓▓▓▓▓▓▓▓▓▓▓▓▓▓▓▓▓
[..........('().♣D..D...
▓▓▓▓▓▓▓▓▓▓▓▓▓▓▓▓▓▓▓▓▓▓▓▓


You could see 2 ice dragons.

Vanquished Creatures
  A hydra (D)
  7 death yaks (D)
  An orc high priest (D)
  Sonja (D)
  3 orc knights (D)
  An orb spider (shapeshifter) (D)
  2 griffons (D)
  A hill giant (D)
  5 orc sorcerers (D)
  A cyclops (D)
  A black mamba (shapeshifter) (D)
  A gargoyle (D)
  2 spiny frogs (D)
  2 komodo dragons (D)
  A polar bear (D)
  A slime creature (D)
  A shadow (D)
  A wraith (D)
  2 hippogriffs (D)
  4 yaks (D)
  A porcupine (D)
  3 ice beasts (D)
  A phantom (D)
  A wasp (D)
  A boggart (D)
  6 orc warriors (D)
  2 crocodiles (D)
  A big kobold (D)
  7 giant frogs (D)
  3 orc priests (D)
  A worker ant (D)
  11 orc wizards (D)
  A sheep (D)
  A shadow imp (D)
  A worm (D)
  10 orcs (D)
  A bat (D)
  2 bat zombies (D)
  A giant cockroach (D)
  A goblin (D)
  2 rats (D)
97 creatures vanquished.

Notes
Turn   | Place    | Note
--------------------------------------------------------------
     0 | D        | Kellhus the Demigod Fighter began the quest for the Orb.
     0 | D        | Reached XP level 1. HP: 18/18 MP: 3/3
    14 | D        | Reached skill level 3 in Long Blades
    34 | D        | Noticed an ice beast
    34 | D        | Noticed an ice beast
    34 | D        | Noticed a worker ant
    34 | D        | Noticed a phantom
    38 | D        | Killed an ice beast
    38 | D        | Reached skill level 8 in Long Blades
    38 | D        | Reached XP level 2. HP: 25/25 MP: 4/4
    38 | D        | Reached XP level 3. HP: 30/30 MP: 5/5
    38 | D        | Reached XP level 4. HP: 37/37 MP: 6/6
    45 | D        | Killed an ice beast
    45 | D        | Reached skill level 10 in Long Blades
    45 | D        | Reached XP level 5. HP: 42/42 MP: 7/7
    71 | D        | Killed a phantom
    71 | D        | Reached skill level 11 in Long Blades
   179 | D        | Found a glowing silver altar of Zin.
   179 | D        | Found a glowing golden altar of the Shining One.
   179 | D        | Found an ancient bone altar of Kikubaaqudgha.
   179 | D        | Found a basalt altar of Yredelemnul.
   179 | D        | Found a shimmering altar of Xom.
   179 | D        | Found a radiant altar of Vehumet.
   180 | D        | Found an iron altar of Okawaru.
   181 | D        | Found a burning altar of Makhleb.
   182 | D        | Found a deep blue altar of Sif Muna.
   183 | D        | Found a bloodstained altar of Trog.
   184 | D        | Found a sparkling altar of Nemelex Xobeh.
   185 | D        | Found a white marble altar of Elyvilon.
   186 | D        | Found a roughly hewn altar of Beogh.
   187 | D        | Found a viscous altar of Jiyva.
   188 | D        | Found a corrupted altar of Lugonu.
   189 | D        | Found a blossoming altar of Fedhas.
   190 | D        | Found a snail-covered altar of Cheibriados.
   191 | D        | Found a shadowy altar of Dithmenos.
   192 | D        | Found a stormy altar of Qazlal.
   193 | D        | Found an opulent altar of Gozag.
   194 | D        | Found a sacrificial altar of Ru.
   211 | D        | Got the +2 rapier of Tenacity {flame, rElec MR+}
   268 | D        | Noticed a gargoyle
   268 | D        | Noticed an ice beast
   268 | D        | Noticed a wasp
   268 | D        | Noticed a yak
   284 | D        | Killed a gargoyle
   284 | D        | Reached skill level 12 in Long Blades
   284 | D        | Reached XP level 6. HP: 19/55 MP: 8/8
   284 | D        | Reached XP level 7. HP: 20/60 MP: 9/9
   300 | D        | Reached skill level 5 in Fighting
   300 | D        | Reached skill level 5 in Armour
   300 | D        | Reached skill level 5 in Shields
   317 | D        | Killed a yak
   571 | D        | Noticed a griffon
   571 | D        | Noticed a hill giant
   571 | D        | Noticed a shadow
   575 | D        | Killed a hill giant
   575 | D        | Reached skill level 13 in Long Blades
   575 | D        | Reached XP level 8. HP: 69/71 MP: 10/10
   577 | D        | Killed a griffon
   889 | D        | Noticed a spiny frog
   891 | D        | Noticed a polar bear
   896 | D        | Noticed a griffon
   901 | D        | Reached XP level 9. HP: 73/82 MP: 11/11
   910 | D        | Killed a spiny frog
   910 | D        | Reached skill level 14 in Long Blades
   926 | D        | Killed a griffon
  1025 | D        | Noticed a death yak
  1025 | D        | Noticed a four-headed hydra
  1025 | D        | Noticed a komodo dragon
  1028 | D        | Noticed a death yak
  1030 | D        | Noticed a spiny frog
  1044 | D        | Killed a death yak
  1053 | D        | Killed a four-headed hydra
  1053 | D        | Reached skill level 10 in Fighting
  1053 | D        | Reached skill level 10 in Armour
  1053 | D        | Reached skill level 10 in Shields
  1053 | D        | Reached XP level 10. HP: 27/94 MP: 13/13
  1489 | D        | Killed a death yak
  1637 | D        | Noticed a death yak
  1637 | D        | Noticed a death yak
  1637 | D        | Noticed a death yak
  1637 | D        | Noticed a death yak
  1644 | D        | Noticed a death yak
  1650 | D        | Killed a death yak
  1661 | D        | Killed a death yak
  1790 | D        | Killed a death yak
  1808 | D        | Killed a death yak
  1824 | D        | Killed a death yak
  1824 | D        | Reached XP level 11. HP: 46/105 MP: 14/14
  2182 | D        | Noticed an orc high priest
  2456 | D        | Killed an orc high priest
  3054 | D        | Found Finug's Assorted Antiques.
  3078 | D        | Found Zipiu's Antique Armour Shoppe.
  3096 | D        | Paralysed by an orc sorcerer for 4 turns
  3111 | D        | Found Rel Zec's Book Emporium.
  3114 | D        | Found Yxaug's General Store.
  3477 | D        | Bought a potion of haste for 270 gold pieces
  3477 | D        | Bought a potion of haste for 270 gold pieces
  3477 | D        | Bought a potion of haste for 270 gold pieces
  3483 | D        | Bought a potion of curing for 42 gold pieces
  3483 | D        | Bought a potion of heal wounds for 70 gold pieces
  3483 | D        | Bought a potion of lignification for 42 gold pieces
  3523 | D        | Noticed Sonja
  3535 | D        | Killed Sonja
  3557 | D        | HP: 5/108 [poisoned by Sonja]
  3562 | D        | HP: 5/108 [poisoned by Sonja]
  3569 | D        | HP: 5/108 [poisoned by Sonja]
  3577 | D        | HP: 5/108 [poisoned by Sonja]
  4024 | D        | Got the +7 chain mail of Saur {Str+3}
  4029 | D        | Got the +8 chain mail of Timnitep {rElec Int+3}
  4180 | D        | Noticed an ice dragon
  4224 | D        | Noticed an ice dragon
  4224 | D        | HP: 7/166 [ice dragon (4)]
  4226 | D        | HP: 2/166 [ice dragon (6)]
  4229 | D        | Killed from afar by an ice dragon

Vault maps used:
D:        linesprint

Action                   |  1- 3 |  4- 6 |  7- 9 | 10-12 || total
-------------------------+-------+-------+-------+-------++-------
Melee: Long sword        |    15 |    29 |       |       ||    44
       Scimitar          |       |    14 |   107 |   418 ||   539
       Rapier            |       |       |     8 |       ||     8
Evoke: Wand              |       |       |     7 |       ||     7
  Use: Potion            |     1 |     2 |     1 |     4 ||     8
 Stab: Invisible         |       |     1 |    12 |       ||    13
  Eat: Chunk             |       |       |     2 |     8 ||    10
       Bread ration      |       |       |       |     1 ||     1
